 Dungeon Crawl Stone Soup version 0.22.1-2-g9c5b331 (webtiles) character file.

6524 myga the Slicer (level 11, -3/69 HPs)
             Began as a Kobold Berserker on Dec 1, 2018.
             Was a High Priest of Trog.
             Killed from afar by an electric eel (9 damage)
             ... with a bolt of electricity
             ... on level 9 of the Dungeon.
             The game lasted 00:55:48 (9036 turns).

myga the Slicer (Kobold Berserker)                  Turns: 9036, Time: 00:55:50

Health: -3/69      AC: 11    Str: 16    XL:     11   Next: 20%
Magic:  11/11      EV: 20    Int: 12    God:    Trog [*****.]
Gold:   88         SH:  0    Dex: 16    Spells: 10/10 levels left

rFire    . . .     SeeInvis .   u - +2 short sword (holy)
rCold    . . .     Gourm    .   (shield restricted)
rNeg     . . .     Faith    .   D - +2 robe
rPois    .         Spirit   .   Q - +0 helmet
rElec    .         Reflect  .   p - +2 cloak
rCorr    .         Harm     .   M - +2 pair of gloves
MR       .....                  (no boots)
Stlth    +++++.....             (no amulet)
HPRegen  0.21/turn              O - ring of flight
MPRegen  0.12/turn              E - +3 ring of intelligence

@: no status effects
A: small, carnivore
a: Berserk, Trog's Hand, Brothers in Arms, Renounce Religion, Evoke Flight


You were on level 9 of the Dungeon.
You worshipped Trog.
Trog was extremely pleased with you.
You were very full.

You visited 1 branch of the dungeon, and saw 9 of its levels.

You collected 368 gold pieces.
You spent 280 gold pieces at shops.

Inventory:

Hand Weapons
 h - a +2 long sword of electrocution
 q - a +3 short sword of electrocution
 s - a +0 falchion
 u - a +2 short sword of holy wrath (weapon)
 w - a +0 dagger of speed
 P - a -3 dagger
 W - a +4 dagger of speed
Missiles
 t - 6 silver tomahawks
 z - 244 stones (quivered)
 B - 2 throwing nets
Armour
 j - a scarf of cloud immunity
 p - a +2 cloak (worn)
 A - a cursed +0 robe
 D - a +2 robe (worn)
 F - a +0 robe
 J - a +0 robe
 M - a +2 pair of gloves (worn)
 Q - a +0 helmet (worn)
Jewellery
 E - a +3 ring of intelligence (right hand)
 K - an uncursed ring of teleportation
 O - a ring of flight (left hand)
Wands
 e - a wand of polymorph (12)
Scrolls
 a - a scroll of enchant weapon
 b - 2 scrolls of fear
 d - a scroll of fog
 f - 4 scrolls of enchant armour
 g - 6 scrolls of teleportation
 y - a scroll of brand weapon {unknown}
 G - 2 scrolls of blinking
 H - 3 scrolls of magic mapping
 R - a scroll of vulnerability
Potions
 i - 8 potions of curing
 k - a potion of brilliance
 l - a potion of invisibility
 m - a potion of agility
 o - a potion of heal wounds
 r - 2 potions of flight
 v - 3 potions of degeneration
 x - a potion of resistance
 C - 2 potions of lignification
Comestibles
 c - 17 rations


   Skills:
 + Level 8.3 Fighting
 + Level 12.6(12.9) Short Blades
 + Level 2.7(6.0) Long Blades
 + Level 2.6 Throwing
 + Level 2.0 Armour
 + Level 7.9 Dodging
 + Level 11.4 Stealth


You had 10 spell levels left.
You didn't know any spells.
Your spell library contained the following spells:

 Spells                   Type           Power        Failure   Level  Hunger
 Flame Tongue             Conj/Fire      #....        32%         1    ##.....
 Throw Flame              Conj/Fire      #.....       45%         2    ###....
 Conjure Flame            Conj/Fire      #.......     69%         3    ####...
 Inner Flame              Hex/Fire       #.......     69%         3    ####...
 Sticky Flame             Conj/Fire      #.......     97%         4    #####..
 Fireball                 Conj/Fire      #.........   100%        5    ######.


Dungeon Overview and Level Annotations

Branches:
Dungeon (9/15)             Temple (0/1) D:4            Lair (0/6) D:9
    Orc: D:9-12

Altars:
Cheibriados
Dithmenos
Fedhas
Kikubaaqudgha
Makhleb
Nemelex Xobeh
Ru
Trog
Uskayaw
Vehumet
Wu Jian
Xom
The Shining One

Shops:
D:4 [   D:7 (


Innate Abilities, Weirdness & Mutations

You are small and have problems with some larger weapons.
You are carnivorous and can eat meat at any time.


Message History

The bolt of electricity hits you!
You barely miss the electric eel.
The electric eel shoots out a bolt of lightning at you!
The bolt of electricity misses you.
The electric eel shoots out a bolt of lightning at you!
The bolt of electricity hits the electric eel.
The electric eel completely resists.
The bolt of electricity hits you!
The electric eel shoots out a bolt of lightning at you!
The bolt of electricity hits the electric eel.
The electric eel completely resists.
The bolt of electricity hits you!
The electric eel shoots out a bolt of lightning at you!
The bolt of electricity hits you!
* * * LOW HITPOINT WARNING * * *
The electric eel shoots out a bolt of lightning at you!
The bolt of electricity hits the electric eel.
The electric eel completely resists.
The bolt of electricity hits you!
* * * LOW HITPOINT WARNING * * *
The electric eel shoots out a bolt of lightning at you!
The bolt of electricity hits you!
You die...

##.............#≈≈≈≈≈.≈.≈.≈≈≈≈..
###...........#≈≈≈≈≈≈....≈≈≈..#
##.........##≈≈≈≈≈;.>.≈.≈≈≈.#
##...########≈≈≈≈≈≈....≈≈.≈≈#
##....## #≈≈≈;≈≈..≈ #......#
#.;≈≈≈.... ####......##
#..≈≈≈≈..≈
...........######..≈≈≈≈≈.≈
................@.≈..≈≈≈.≈
....................≈≈≈≈.≈
..................≈≈≈≈≈≈.≈
...................≈.≈≈≈.;
...................≈..≈≈.≈
#######....###............
##...# ##........... ##..
#...#...... #.. ...###.


You could see 3 electric eels.

Vanquished Creatures
  Harold (D:7)
  Joseph (D:8)
  A hippogriff (D:7)
  4 hogs (D:7)
  Eustachio (D:6)
  A human (D:7)
  4 hungry ghosts
  A water moccasin (D:8)
  3 orc warriors
  A black bear (D:9)
  2 ice beasts (D:7)
  5 wolves (D:9)
  3 ogres
  3 sky beasts
  7 centaurs
  3 bullfrogs
  2 big kobolds
  A scorpion (D:8)
  A water moccasin skeleton (D:9)
  A killer bee (D:8)
  3 howler monkeys
  2 crimson imps
  7 hounds
  2 jellies
  2 bullfrog zombies
  5 orc wizards
  2 centaur skeletons
  2 orc priests
  A bullfrog skeleton (D:6)
  3 iguanas
  6 worker ants
  2 hound zombies
  7 gnolls (D:6)
  8 adders
  4 shadow imps
  An ooze (D:4)
  2 adder skeletons
  4 worms
  2 dart slugs
  3 leopard geckos
  33 orcs
  4 giant cockroaches
  6 goblins
  3 hobgoblins
  6 jackals
  17 kobolds
  4 quokkas
  7 bats
  7 frilled lizards
  A quokka skeleton (D:4)
  A quokka zombie (D:7)
  7 rats
210 creatures vanquished.

Notes
Turn   | Place    | Note
-------+----------+-------------------------------------------
     0 | D:1      | myga the Kobold Berserker began the quest for the Orb.
     0 | D:1      | Reached XP level 1. HP: 14/14 MP: 1/1
    86 | D:1      | Reached XP level 2. HP: 19/19 MP: 2/2
   557 | D:1      | Reached XP level 3. HP: 18/23 MP: 3/3
   816 | D:2      | Found a bloodstained altar of Trog.
   818 | D:2      | Found a shimmering altar of Xom.
   820 | D:2      | Found a glowing golden altar of the Shining One.
   855 | D:2      | Reached ** piety under Trog
   855 | D:2      | Reached skill level 1 in Stealth
  1405 | D:2      | Found a blossoming altar of Fedhas.
  1570 | D:3      | Noticed a sky beast
  1583 | D:3      | Killed a sky beast
  1583 | D:3      | Reached XP level 4. HP: 30/30 MP: 4/4
  1583 | D:3      | Reached XP level 5. HP: 34/34 MP: 5/5
  1649 | D:3      | Reached skill level 1 in Short Blades
  1888 | D:3      | Found a sparkling altar of Nemelex Xobeh.
  2183 | D:3      | Found an ornate altar of the Wu Jian Council.
  2627 | D:4      | Reached *** piety under Trog
  2640 | D:4      | Reached XP level 6. HP: 33/39 MP: 6/6
  2735 | D:4      | Reached skill level 2 in Short Blades
  2849 | D:4      | Reached skill level 3 in Short Blades
  3045 | D:4      | Noticed a hungry ghost
  3064 | D:4      | Killed a hungry ghost
  3064 | D:4      | Reached skill level 4 in Short Blades
  3064 | D:4      | Reached XP level 7. HP: 39/44 MP: 7/7
  3083 | D:4      | Found a staircase to the Ecumenical Temple.
  3098 | D:4      | Found Zucol Rowy's Antique Armour Shop.
  3222 | D:4      | Reached skill level 5 in Fighting
  3315 | D:4      | Found a hide-covered altar of Uskayaw.
  3315 | D:4      | Found a sacrificial altar of Ru.
  3318 | D:4      | Found a snail-covered altar of Cheibriados.
  3687 | D:5      | Entered Level 5 of the Dungeon
  3866 | D:5      | Reached skill level 5 in Short Blades
  3972 | D:5      | Reached skill level 6 in Short Blades
  3972 | D:5      | Reached skill level 5 in Dodging
  3972 | D:5      | Reached XP level 8. HP: 43/49 MP: 8/8
  4550 | D:6      | Noticed Eustachio
  4563 | D:6      | Killed Eustachio
  4563 | D:6      | Reached skill level 7 in Short Blades
  4563 | D:6      | Reached skill level 5 in Stealth
  4738 | D:6      | Reached **** piety under Trog
  4796 | D:6      | Found a burning altar of Makhleb.
  4941 | D:6      | Reached skill level 8 in Short Blades
  5141 | D:6      | Reached XP level 9. HP: 34/55 MP: 9/9
  5505 | D:7      | Reached skill level 9 in Short Blades
  5576 | D:7      | Noticed Harold
  5631 | D:7      | Received a gift from Trog
  5659 | D:7      | Reached skill level 10 in Short Blades
  5796 | D:7      | Killed Harold
  5796 | D:7      | Reached XP level 10. HP: 60/63 MP: 10/10
  5846 | D:7      | Reached skill level 11 in Short Blades
  5906 | D:7      | Found Odghut's Antique Weapon Shoppe.
  6055 | D:7      | Found a shadowy altar of Dithmenos.
  6122 | D:7      | Found an ancient bone altar of Kikubaaqudgha.
  6309 | D:7      | Reached skill level 1 in Throwing
  6323 | D:7      | Reached skill level 10 in Stealth
  6613 | D:4      | Bought a runed scarf for 192 gold pieces
  6808 | D:8      | Reached ***** piety under Trog
  6883 | D:8      | Reached skill level 12 in Short Blades
  6952 | D:8      | Found a radiant altar of Vehumet.
  7349 | D:8      | Noticed Joseph
  7356 | D:8      | Killed Joseph
  7583 | D:8      | Reached XP level 11. HP: 68/68 MP: 11/11
  7762 | D:4      | Bought a runed robe for 88 gold pieces
  8628 | D:9      | Found a staircase to the Lair.
  8667 | D:9      | HP: 3/68 [wolf (10)]
  9036 | D:9      | Killed from afar by an electric eel

Skill      XL: |  1  2  3  4  5  6  7  8  9 10 11 |
---------------+----------------------------------+-----
Stealth        | 2 3 4 6 8 10 11 | 11.4
Dodging        | 3 4 5 6 7 |  7.9
Fighting       | 4 5 6 7 8 |  8.3
Armour         | 2 |  2.0
Short Blades   | 1 4 6 8 10 12 | 12.6
Throwing       | 2 |  2.6
Long Blades    | |  2.7

Action                   |  1- 3 |  4- 6 |  7- 9 | 10-12 || total
-------------------------+-------+-------+-------+-------++-------
Melee: Falchion          |    43 |       |       |       ||    43
       Short sword       |    25 |    99 |   188 |   237 ||   549
       Dagger            |       |    53 |       |       ||    53
Throw: Stone             |       |       |     5 |    11 ||    16
Invok: Berserk           |     1 |     2 |     7 |     5 ||    15
  Use: Scroll            |    10 |     5 |     7 |     3 ||    25
       Potion            |     2 |     1 |     2 |     4 ||     9
 Stab: Sleeping          |     1 |     2 |    11 |    13 ||    27
  Eat: Chunk             |    10 |     8 |    17 |    14 ||    49
Armor: Animal skin       |    17 |    11 |       |       ||    28
       Leather armour    |       |    11 |       |       ||    11
       Robe              |       |     5 |    25 |    37 ||    67
       Skin              |       |     1 |       |       ||     1
Dodge: Dodged            |    73 |    99 |    96 |   115 ||   383
       Rpst.: Falchion   |     6 |       |       |       ||     6
